 Dungeon Crawl Stone Soup version 0.25.1-8-g42b30a86e7 (webtiles) character file.

Game seed: 15205638028180534346

12668 Clowww109 the Thaumaturge (level 11, -10/56 HPs)
             Began as a Deep Elf Conjurer on Nov 30, 2020.
             Was an Elder of Vehumet.
             Killed by divine providence
             ... invoked by a meliai
              (14 damage)
             ... on level 13 of the Dungeon on Dec 3, 2020.
             The game lasted 01:21:26 (14707 turns).

Clowww109 the Thaumaturge (Deep Elf Conjurer)      Turns: 14707, Time: 01:21:27

Health: -10/56     AC:  4    Str:  7    XL:     11   Next: 65%
Magic:  24/31      EV: 17    Int: 24    God:    Vehumet [****..]
Gold:   555        SH:  5    Dex: 21    Spells: 13/38 levels left

rFire    + . .     SeeInvis .   u - +11 trident "Ogreslayer" {vorpal, rN+ Str+2}
rCold    x . .     Gourm    .   (no shield)
rNeg     + . .     Faith    .   a - +2 robe
rPois    .         Spirit   .   (no helmet)
rElec    .         Reflect  +   (no cloak)
rCorr    .         Harm     .   (no gloves)
MR       +....                  (no boots)
Stlth    +++.......             n - amulet of reflection
HPRegen  0.18/turn              i - +6 ring of dexterity
MPRegen  0.22/turn              B - ring of fire

@: about to teleport, shrouded
A: no striking features
a: Renounce Religion


You were on level 13 of the Dungeon.
You worshipped Vehumet.
Vehumet was greatly pleased with you.
You were not hungry.

You visited 1 branch of the dungeon, and saw 13 of its levels.

You collected 555 gold pieces.

Inventory:

Hand Weapons
 u - the +11 trident "Ogreslayer" (weapon) {vorpal, rN+ Str+2}
   (You found it on level 7 of the Dungeon)

   It inflicts extra damage upon your enemies.
   It affects your strength (+2).
   It protects you from negative energy.
Armour
 a - a +2 robe (worn)
Magical Staves
 r - an uncursed staff of summoning
Jewellery
 i - a +6 ring of dexterity (left hand)
 n - an amulet of reflection (around neck)
 B - a ring of fire (right hand)
Wands
 e - a wand of iceblast (11)
 j - a wand of paralysis (8)
 s - a wand of flame (12)
 v - a wand of random effects (40)
 x - a wand of polymorph (6)
 C - a wand of disintegration (10)
Scrolls
 d - 6 scrolls of remove curse
 f - 8 scrolls of teleportation
 g - a scroll of identify
 k - 2 scrolls of magic mapping
 l - 2 scrolls of fog
 y - a scroll of enchant armour
Potions
 b - 3 potions of stabbing
 h - 2 potions of cancellation
 m - 2 potions of invisibility
 o - 7 potions of curing
 p - 4 potions of mutation
 q - 2 potions of brilliance
 t - a potion of berserk rage
 w - 2 potions of magic
 z - 3 potions of heal wounds
 D - 2 potions of resistance
Comestibles
 c - 21 rations
 A - 9 chunks of flesh


   Skills:
 + Level 1.5 Fighting
 + Level 2.0 Polearms
 + Level 6.1 Dodging
 + Level 5.1 Stealth
 + Level 14.4 Spellcasting
 + Level 12.8 Conjurations
 + Level 6.0 Hexes
 + Level 0.1 Charms
 + Level 3.8 Translocations
 + Level 3.0 Air Magic


You had 13 spell levels left.
You knew the following spells:

 Your Spells              Type           Power        Failure   Level  Hunger
a - Magic Dart            Conj           ####         0%          1    None
b - Searing Ray           Conj           ######       1%          2    None
c - Dazzling Flash        Conj/Hex       ######       1%          3    None
d - Fulminant Prism       Conj/Hex       ######....   1%          4    None
e - Iskenderun's Mystic   Conj/Tloc      ######..     1%          4    None
f - Lightning Bolt        Conj/Air       ######....   1%          5    ##.....
g - Airstrike             Air            ####......   2%          4    None
h - Shroud of Golubria    Chrm/Tloc      ####..       2%          2    None

Your spell library contained the following spells:

 Spells                   Type           Power        Failure   Level  Hunger
 Sticky Flame             Conj/Fire      ######..     1%          4    None
 Shock                    Conj/Air       ####         1%          1    None
 Static Discharge         Conj/Air       ######..     1%          3    None
 Swiftness                Chrm/Air       ###.....     2%          2    None
 Spectral Weapon          Hex/Chrm       ####....     2%          3    None
 Beastly Appendage        Tmut           ###...       3%          1    None
 Infusion                 Chrm           ###.         3%          1    None
 Song of Slaying          Chrm           ###.....     4%          2    None
 Sticks to Snakes         Tmut           ###.....     4%          2    None
 Ozocubu's Armour         Chrm/Ice       ###.....     10%         3    None
 Spider Form              Tmut/Pois      ###.......   10%         3    None
 Ice Form                 Ice/Tmut       ###.....     32%         4    None
 Blade Hands              Tmut           ###.......   67%         5    ##.....
 Haunt                    Necr/Summ      ###.......   100%        7    ######.
 Borgnjor's Revivificati  Necr           ###.......   100%        8    #######
 Death's Door             Chrm/Necr      ###.......   100%        8    #######
 Infestation              Necr           ###.......   100%        8    #######
 Necromutation            Tmut/Necr      ###.......   100%        8    #######


Dungeon Overview and Level Annotations

Branches:
Dungeon (12/15)            Temple (0/1) D:7            Lair (0/6) D:9
    Orc (0/2) D:10

Altars:
Cheibriados
Dithmenos
Elyvilon
Kikubaaqudgha
Nemelex Xobeh
Sif Muna
Vehumet
Wu Jian
Zin

Shops:
D:4 :   D:8 *%   D:12 %*


Message History

Something smites you!
The meliai buzzes angrily.
Casting: Airstrike (dangerous; 2% risk of failure)
Confirm with . or Enter, or press ? or * to list all spells.
Space distorts slightly along a thin shroud covering your body.
The meliai calls down the wrath of its god upon you.
Something smites you!
A wolf spider zombie comes into view.
As you read the scroll of teleportation, it crumbles to dust.
You feel strangely unstable.
The meliai calls down the wrath of its god upon you.
Something smites you!
* * * LOW HITPOINT WARNING * * *
Your shroud bends the slime creature's attack away.
The meliai calls down the wrath of its god upon you.
Something smites you!
* * * LOW HITPOINT WARNING * * *
The meliai invokes the aid of its god against you.
Something smites you!
You die...

. #######
######## ..
....J..##.......
... #......#
....
#.###..####.)...
J. #..J.....y..
#. #.......Z...
# #..@y.......
#.......>...
#...........
+...........
#.........##
#.........#
#.##......# #.
../...#


You could see a slime creature, 2 meliai and a wolf spider zombie.

Vanquished Creatures
  A hydra (D:11)
  A two-headed ogre (D:12)
  3 ugly things
  A cyclops (D:12)
  A gargoyle (D:12)
  A troll (D:9)
  A meliai (shapeshifter) (D:9)
  A meliai (D:13)
  Grinder (D:5)
  6 hippogriffs
  A shadow (D:11)
  4 yaks (D:12)
  Grum (D:9)
  A hungry ghost (D:10)
  3 wargs
  An acid dragon (D:12)
  4 orc warriors
  An ice beast (D:10)
  5 sky beasts
  2 wolves (D:8)
  4 phantoms
  7 ogres
  5 centaurs
  Blork the orc (D:6)
  2 big kobolds
  7 bullfrogs
  A wyvern skeleton (D:8)
  3 scorpions
  13 wights
  4 howler monkeys
  2 jellies
  A centaur zombie (D:9)
  6 crimson imps
  3 centaur skeletons
  7 hounds
  A bullfrog skeleton (D:11)
  7 orc priests
  13 orc wizards
  An iguana (D:9)
  Jessica (D:2)
  12 worker ants
  8 ogre zombies (D:10)
  2 hound zombies (D:5)
  A howler monkey zombie (D:5)
  A worker ant zombie (D:9)
  7 gnolls
  3 howler monkey skeletons (D:4)
  5 adders
  2 shadow imps
  An ooze (D:6)
  2 adder skeletons
  3 dart slugs (D:1)
  2 leopard geckos
  47 orcs
  3 bats
  3 giant cockroaches
  4 goblins
  3 hobgoblins
  8 jackals
  4 ball pythons
  3 frilled lizards
  A giant cockroach zombie (D:5)
  A goblin skeleton (D:10)
  3 goblin zombies (D:10)
  A hobgoblin skeleton (D:10)
  3 hobgoblin zombies (D:10)
  16 kobolds
  A leopard gecko skeleton (D:5)
  4 orc skeletons (D:10)
  13 orc zombies (D:10)
  A quokka skeleton (D:5)
  A quokka zombie (D:3)
  7 rats
305 creatures vanquished.

Vanquished Creatures (others)
  40 fulminant prisms
40 creatures vanquished.

Grand Total: 345 creatures vanquished

Notes
Turn   | Place    | Note
-------+----------+-------------------------------------------
     0 | D:1      | Clowww109 the Deep Elf Conjurer began the quest for the
                  | Orb.
     0 | D:1      | Reached XP level 1. HP: 10/10 MP: 6/6
    22 | D:1      | You fall into a shaft and drop 1 floor!
   479 | D:1      | Reached XP level 2. HP: 15/15 MP: 5/8
   580 | D:1      | Reached skill level 5 in Conjurations
   585 | D:1      | Learned a level 2 spell: Searing Ray
  1325 | D:2      | Reached XP level 3. HP: 19/19 MP: 3/9
  1429 | D:2      | Noticed Jessica
  1430 | D:2      | Killed Jessica
  1533 | D:2      | Learned a level 3 spell: Dazzling Flash
  1946 | D:3      | Reached XP level 4. HP: 24/24 MP: 6/11
  2429 | D:3      | Learned a level 4 spell: Fulminant Prism
  2433 | D:3      | Found a shadowy altar of Dithmenos.
  2550 | D:4      | Found Hoinoy's Book Shoppe.
  2560 | D:4      | Reached XP level 5. HP: 19/28 MP: 8/12
  2762 | D:4      | Reached skill level 4 in Spellcasting
  2883 | D:4      | HP: 1/28 [gnoll/+0 whip (9)]
  3232 | D:4      | Reached XP level 6. HP: 32/32 MP: 10/14
  3330 | D:4      | Reached skill level 1 in Hexes
  3622 | D:4      | Reached XP level 7. HP: 36/36 MP: 11/16
  3660 | D:4      | Reached skill level 5 in Spellcasting
  3834 | D:4      | Found a sparkling altar of Nemelex Xobeh.
  3959 | D:4      | Found a shimmering blue altar of Sif Muna.
  3961 | D:4      | Found an ancient bone altar of Kikubaaqudgha.
  4102 | D:4      | Found a snail-covered altar of Cheibriados.
  4135 | D:5      | Entered Level 5 of the Dungeon
  4523 | D:5      | Learned a level 4 spell: Iskenderun's Mystic Blast
  4573 | D:5      | Reached skill level 6 in Spellcasting
  5284 | D:5      | Noticed Grinder
  5294 | D:5      | Killed Grinder
  5294 | D:5      | Reached skill level 7 in Spellcasting
  5294 | D:5      | Reached XP level 8. HP: 41/41 MP: 7/21
  5913 | D:6      | Reached skill level 8 in Spellcasting
  6101 | D:6      | Found a radiant altar of Vehumet.
  6107 | D:6      | Became a worshipper of Vehumet
  6180 | D:6      | Noticed Blork the orc
  6184 | D:6      | Killed Blork the orc
  6611 | D:7      | Found a staircase to the Ecumenical Temple.
  6623 | D:7      | Got an encrusted trident
  6638 | D:7      | Identified the +11 trident "Ogreslayer" {vorpal, rN+ Str+2}
                  | (You found it on level 7 of the Dungeon)
  6649 | D:7      | Reached skill level 9 in Spellcasting
  7086 | D:7      | Reached XP level 9. HP: 45/45 MP: 18/24
  7231 | D:8      | Found Duott's Food Emporium.
  7328 | D:8      | Reached * piety under Vehumet
  7328 | D:8      | Offered knowledge of Sandblast by Vehumet.
  7400 | D:8      | Found Zin's Purification Station.
  7403 | D:8      | Found a glowing silver altar of Zin.
  7449 | D:8      | Reached skill level 10 in Conjurations
  7460 | D:8      | Reached skill level 10 in Spellcasting
  8290 | D:9      | Noticed a meliai
  8291 | D:9      | Killed a meliai
  8291 | D:9      | Reached skill level 5 in Dodging
  8291 | D:9      | Reached skill level 5 in Stealth
  8291 | D:9      | Reached skill level 1 in Translocations
  8293 | D:9      | Reached ** piety under Vehumet
  8298 | D:9      | Offered knowledge of Foxfire by Vehumet.
  8721 | D:9      | Reached skill level 11 in Spellcasting
  8724 | D:9      | Reached skill level 1 in Fighting
  8729 | D:9      | Noticed Grum
  9004 | D:9      | Killed Grum
  9004 | D:9      | Reached XP level 10. HP: 25/52 MP: 17/27
  9179 | D:9      | Found a staircase to the Lair.
  9401 | D:9      | Found a white marble altar of Elyvilon.
  9461 | D:9      | Reached skill level 1 in Polearms
  9538 | D:9      | Found an ornate altar of the Wu Jian Council.
  9716 | D:9      | Offered knowledge of Frozen Ramparts by Vehumet.
  9723 | D:9      | Learned a level 5 spell: Lightning Bolt
  9921 | D:9      | Found a shimmering blue altar of Sif Muna.
 10292 | D:10     | Entered Level 10 of the Dungeon
 10570 | D:10     | Reached *** piety under Vehumet
 10610 | D:10     | Found a staircase to the Orcish Mines.
 10647 | D:10     | Reached skill level 5 in Hexes
 10680 | D:10     | Offered knowledge of Conjure Flame by Vehumet.
 10828 | D:10     | Reached skill level 12 in Spellcasting
 10836 | D:10     | Reached **** piety under Vehumet
 11032 | D:10     | Offered knowledge of Sticky Flame by Vehumet.
 11759 | D:11     | Noticed a white ugly thing
 11767 | D:11     | Killed a white ugly thing
 11767 | D:11     | Reached skill level 1 in Air Magic
 11767 | D:11     | Reached XP level 11. HP: 23/56 MP: 11/29
 12129 | D:11     | Learned a level 4 spell: Airstrike
 12377 | D:11     | Noticed a seven-headed hydra
 12389 | D:11     | Killed a seven-headed hydra
 12389 | D:11     | Reached skill level 13 in Spellcasting
 12851 | D:12     | Found Ymiprec's Food Shoppe.
 12870 | D:12     | Noticed a two-headed ogre
 12879 | D:12     | Killed a two-headed ogre
 13299 | D:12     | Noticed a brown ugly thing
 13316 | D:12     | Killed a brown ugly thing
 13485 | D:12     | Found Qosos's Assorted Antiques.
 13571 | D:12     | Learned a level 2 spell: Shroud of Golubria
 13904 | D:12     | Reached skill level 14 in Spellcasting
 14099 | D:12     | Noticed a cyan ugly thing
 14109 | D:12     | Killed a cyan ugly thing
 14692 | D:12     | You fall into a shaft and drop 1 floor!
 14707 | D:13     | Killed from afar by a meliai

Illustrated notes

Levels and vault maps discovered:
D:1:      dpeg_arrival_solitude, layout_basic
D:2:      layout_loops_corners, uniq_jessica
D:3:      layout_rooms, grunt_dithmenos_smoke
D:4:      kennysheep_six_static_rooms, layout_rooms,
          nicolae_overflow_crystal_walls, gammafunk_temple_overflow_statue,
          kennysheep_little_box, serial_shops, shop, first_ration
D:5:      layout_loops_corners, uniq_grinder
D:6:      layout_cave_pods, vehumet_crystals, moated_statue, uniq_blork_the_orc
D:7:      layout_rooms, minmay_temple_entry_tees
D:8:      layout_basic, zin_purify, serial_shops, nicolae_shop_crystal,
          grunt_ogre_cave
D:9:      kennysheep_orc_sif_temple, layout_loops_corners, elyvilon_altar_5,
          lemuel_coloured_pillars_altar, erik_lair_orcish_takeover, uniq_grum
D:10:     layout_basic, zombieorc2_lemuel
D:11:     layout_basic, ebering_ghost_gozag, uniq_josephine
D:12:     minmay_curly_fans, layout_basic, serial_shops, shop, shop, shop,
          kennysheep_mini
D:13:     layout_stronghold, david_vaults_4, serial_column_ruins,
          column_ruins_hut_pillars, column_ruins_square_medium,
          column_ruins_open_tiny, column_ruins_open_medium,
          column_ruins_open_medium, column_ruins_grid_3,
          column_ruins_columns_corner, uniq_frances

Skill      XL: |  1  2  3  4  5  6  7  8  9 10 11 |
---------------+----------------------------------+-----
Conjurations   | 5 6 7 8 9 11 12 | 12.8
Stealth        | 3 4 5 |  5.1
Dodging        | 3 4 5 6 |  6.1
Spellcasting   | 4 7 9 11 12 14 | 14.4
Hexes          | 2 3 4 5 6 |  6.0
Translocations | 2 3 |  3.8
Fighting       | 1 |  1.5
Polearms       | 1 2 |  2.0
Air Magic      | 1 3 |  3.0
Charms         | |  0.1

Action                   |  1- 3 |  4- 6 |  7- 9 | 10-12 || total
-------------------------+-------+-------+-------+-------++-------
Melee: Unarmed           |       |    22 |       |       ||    22
       Staff             |       |       |    10 |       ||    10
       Trident           |       |       |     7 |    20 ||    27
 Cast: Magic Dart        |    40 |    71 |   121 |    84 ||   316
       Searing Ray       |     4 |     9 |    42 |    51 ||   106
       Dazzling Flash    |     1 |       |     2 |       ||     3
       Fulminant Prism   |       |       |    15 |    25 ||    40
       Iskenderun's Myst |       |       |    19 |     6 ||    25
       Lightning Bolt    |       |       |       |    21 ||    21
       Airstrike         |       |       |       |    12 ||    12
       Shroud of Golubri |       |       |       |     3 ||     3
  Use: Scroll            |       |    12 |    11 |     8 ||    31
       Potion            |       |       |       |     2 ||     2
  Eat: Chunk             |     3 |     3 |    16 |    13 ||    35
       Ration            |       |     1 |       |     2 ||     3
Armor: Robe              |     1 |     9 |     9 |     5 ||    24
Dodge: Dodged            |     2 |    33 |    41 |    32 ||   108
Block: Other             |       |     6 |    10 |    18 ||    34
       Reflection        |       |       |       |     6 ||     6
